 Dungeon Crawl Stone Soup version 0.30.0-17-ge0270778cf (webtiles) character file.

Game seed: 10572546125837642211

301 PoweredByGinger the Chopper (level 6, 0/47 HPs)
             Began as a Demonspawn Gladiator on May 21, 2023.
             Slain by an orc priest
             ... wielding a +2 hand axe of freezing
              (2 damage)
             ... on level 4 of the Dungeon.
             The game lasted 00:05:10 (3178 turns).

PoweredByGinger the Chopper (Demonspawn Gladiator)  Turns: 3178, Time: 00:05:11

Health: 0/47       AC:  7    Str: 16    XL:     6   Next: 14%
Magic:  6/6        EV: 13    Int:  9    God:
Gold:   137        SH:  0    Dex: 15    Spells: 5/5 levels left

rFire   . . .        a - +0 war axe
rCold   . . .        (no shield)
rNeg    . . .        b - +0 leather armour
rPois   .            c - +0 helmet
rElec   .            k - +2 cloak
rCorr   .            (no gloves)
SInv    .            (no boots)
Will    .....        (no amulet)
Stlth   +            (no ring)
HPRegen 0.27/turn    (no ring)
MPRegen 0.10/turn

%: no passive effects
@: about to teleport
A: claws 1, ignite blood 1
a: no special abilities


You were on level 4 of the Dungeon.
You visited 1 branch of the dungeon, and saw 4 of its levels.

You collected 137 gold pieces.

Inventory:

Hand Weapons
 a - a +0 war axe (weapon)
Missiles
 d - 5 throwing nets (quivered)
 e - a javelin
 r - 4 poisoned darts
 x - 6 boomerangs
Armour
 b - a +0 leather armour (worn)
 c - a +0 helmet (worn)
 k - a +2 cloak (worn)
Jewellery
 i - a ring of protection from cold
 y - an amulet of the acrobat
Wands
 v - a wand of digging (8)
 w - a wand of iceblast (8)
Scrolls
 f - a scroll of enchant armour {unknown}
 g - 4 scrolls of identify {unknown}
 l - 3 scrolls of teleportation
 m - a scroll of enchant weapon {unknown}
 n - a scroll of poison {unknown}
 o - a scroll of noise {unknown}
 p - a scroll of magic mapping {unknown}
 q - a scroll of fog {unknown}
 t - a scroll of immolation {unknown}
Potions
 h - a potion of invisibility {unknown}
 j - a potion of attraction
 s - a potion of flight
 z - a potion of might {unknown}


   Skills:
 + Level 3.6 Fighting
 * Level 4.9 Axes
 - Level 1.7 Throwing
 + Level 3.8 Dodging


You had 5 spell levels left.
You didn't know any spells.
Your spell library contained the following spells:

 Spells                   Type           Power      Damage    Failure   Level
 Sting                    Tmut/Pois      0%         1d3       45%         1
 Poisonous Vapours        Pois/Air       0%         N/A       58%         2
 Olgreb's Toxic Radiance  Pois           0%         N/A       99%         4
 Conjure Ball Lightning   Conj/Air       0%         3x3d6     100%        6
 Discord                  Hex            0%         N/A       100%        8
 Disjunction              Tloc           0%         N/A       100%        8


Dungeon Overview and Level Annotations

Branches:
Dungeon (4/15)
 Temple: D:4-7

Altars:
Qazlal


Innate Abilities, Weirdness & Mutations

You have sharp fingernails.
Your demonic aura sometimes causes spilled blood to erupt in flames.


Message History

The orc priest hits you with a +2 hand axe of freezing.
The orc priest freezes you.
* * * LOW HITPOINT WARNING * * *
Okay, then.
It was a potion of flight.
You feel very buoyant.
You fly up into the air.
The orc barely misses you.
The orc priest hits you with a +2 hand axe of freezing.
* * * LOW HITPOINT WARNING * * *
The orc priest freezes you.
* * * LOW HITPOINT WARNING * * *
Unknown command.
As you read the scroll labelled OJUGHUS YXEI, it crumbles to dust.
You feel strangely unstable.
It was a scroll of teleportation.
The orc priest barely misses you.
It was a potion of cancellation.
You feel strangely stable.
Your magical effects are unravelling.
You feel magically purged.
You float gracefully downwards.
The orc hits you but does no damage. The orc priest barely misses you.
An orc wizard comes into view.
It is wielding a +1 dagger of protection.
Okay, then.
As you read the scroll of teleportation, it crumbles to dust.
You feel strangely unstable. The orc priest misses you.
The orc closely misses you.
Unknown command.
Okay, then.
The orc priest attacks as you move away!
The orc priest barely misses you. The orc attacks as you move away!
The orc barely misses you.
The orc wizard shouts!
You hear an angry hiss.
The orc wizard falls through a shaft!
The shaft crumbles and collapses.
The orc attacks as you move away! The orc hits you with a +0 mace.
* * * LOW HITPOINT WARNING * * *
The orc attacks as you move away! The orc hits you but does no damage.
The orc priest attacks as you move away!
The orc priest hits you with a +2 hand axe of freezing.
* * * LOW HITPOINT WARNING * * *
The orc priest freezes you.
You die...

#........ #........
#.......#
######+###.......#
..........)).....#
...........(.......
........o...###..o.
........ooo.# .
........@o..#
............#
##............#
#.............#
#....#+##(....# .
#....#. #.#####
..#...... #.#
........###.#
.#..>.......######


You could see an orc priest and 4 orcs.

Vanquished Creatures
  Sigmund (D:2)
  3 gnolls
  4 adders
  2 worms (D:2)
  3 dart slugs
  5 orcs
  5 endoplasms
  4 giant cockroaches
  4 goblins
  3 hobgoblins
  6 jackals
  2 quokkas (D:1)
  3 ball pythons
  6 bats
  2 frilled lizards
  6 kobolds
  7 rats
66 creatures vanquished.

Notes
Turn   | Place    | Note
-------+----------+-------------------------------------------
     0 | D:1      | PoweredByGinger the Demonspawn Gladiator began the quest
                  | for the Orb.
     0 | D:1      | Reached XP level 1. HP: 16/16 MP: 1/1
   164 | D:1      | Reached skill level 3 in Axes
   178 | D:1      | Gained mutation: Your demonic aura sometimes causes spilled
                  | blood to erupt in flames. [demonic ancestry]
   178 | D:1      | Reached XP level 2. HP: 16/22 MP: 2/2
   723 | D:2      | Noticed Sigmund
   732 | D:2      | Killed Sigmund
   733 | D:2      | Reached skill level 4 in Axes
   733 | D:2      | Reached XP level 3. HP: 19/29 MP: 3/3
   733 | D:2      | Reached XP level 4. HP: 23/35 MP: 4/4
   733 | D:2      | Reached XP level 5. HP: 27/41 MP: 5/5
  1045 | D:2      | HP: 2/41 [gnoll/+0 spear (1)]
  1909 | D:2      | Found a faded altar of an unknown god.
  2190 | D:3      | Found a stormy altar of Qazlal.
  2510 | D:3      | Gained mutation: You have sharp fingernails. [demonic
                  | ancestry]
  2510 | D:3      | Reached XP level 6. HP: 47/47 MP: 6/6
  3178 | D:4      | HP: 2/47 [orc priest/+2 hand axe of freezing (3)]
  3178 | D:4      | Slain by an orc priest

Illustrated notes

Levels and vault maps discovered:
D:1:      lightli_arrival_lavapool, layout_rooms, minivault_4
D:2:      layout_basic, shapermc_ecumenical_altar_hornbeckon, uniq_sigmund
D:3:      layout_loops_corners, nicolae_overflow_crystal_walls
D:4:      layout_basic

Skill      XL: |  1  2 |
---------------+-------+-----
Axes           | 3 4 |  4.9
Dodging        | 3 |  3.8
Fighting       | 3 |  3.6
Throwing       | |  1.7

Action                     |  1- 3 |  4- 6 || total
---------------------------+-------+-------++-------
  Melee: War axe           |    51 |   129 ||   180
         Punch             |     2 |     1 ||     3
  Throw: Throwing net      |     2 |       ||     2
    Use: Potion            |       |     5 ||     5
         Scroll            |       |     2 ||     2
   Stab: Held in net/web   |     1 |       ||     1
         Sleeping          |       |     2 ||     2
 Armour: Leather armour    |    14 |    58 ||    72
  Dodge: Dodged            |    23 |   111 ||   134
